CAL
INLAND EMPIRE 66ERS @ BAKERSFIELD BLAZE
05/06/2099
 
TOP OF THE 1ST
Inland Empire 66ers batting - Pitching for Bakersfield Blaze : RHP Chad Barcik
Pitching: RHP Chad Barcik
Batting: RHB Chris Phillips 0-0: Ball
1-0: Ball
2-0: Called Strike
2-1: Fly out, F8 (Flyball, 8RD, EV 93.8 MPH)
Batting: LHB Kevin Zarndt 0-0: Foul Ball, location: 2F
0-1: Ball
1-1: SINGLE (Line Drive, 8RS, EV 97.5 MPH)
Batting: LHB John Stevens 0-0: Called Strike
0-1: Swinging Strike
0-2: Ball
1-2: Ball
2-2: Ball
3-2: Base on Balls
Kevin Zarndt to second
Batting: LHB Josh Walker 0-0: Ball
1-0: Fly out, F9 (Flyball, 9LS, EV 93.8 MPH)
Batting: RHB Edgar Palomera 0-0: SINGLE (Groundball, 6MD, EV 100.0 MPH)
Kevin Zarndt to third
John Stevens to second
Runner from 3rd tries for Home, SAFE, throw by CF to home
Batting: SHB Guy Epperson 0-0: Ball
1-0: Swinging Strike
1-1: Swinging Strike
1-2: Ball
2-2: Strikes out swinging
Top of the 1st over - 1 run, 2 hits, 0 errors, 2 left on base; Inland Empire 1 - Bakersfield 0
BOTTOM OF THE 1ST
Bakersfield Blaze batting - Pitching for Inland Empire 66ers : LHP Pete Christian
Pitching: LHP Pete Christian
Batting: RHB Jason Sweeney 0-0: Called Strike
0-1: Swinging Strike
0-2: Strikes out swinging
Batting: RHB Victor Garcia 0-0: Called Strike
0-1: Ball
1-1: Called Strike
1-2: Ground out 6-3 (Groundball, 6, EV 101.9 MPH)
Batting: RHB Keith Burchfield 0-0: Ball
1-0: Ball
2-0: Fly out, F9 (Flyball, 89M, EV 89.4 MPH)
Bottom of the 1st over - 0 runs, 0 hits, 0 errors, 0 left on base; Inland Empire 1 - Bakersfield 0
TOP OF THE 2ND
Inland Empire 66ers batting - Pitching for Bakersfield Blaze : RHP Chad Barcik
Batting: RHB Jason Glennon 0-0: Swinging Strike
0-1: Foul Ball, location: 7LDF
0-2: Foul Ball, location: 2F
0-2: Foul Ball, location: 2F
0-2: Ball
1-2: Foul Ball, location: 2F
1-2: Strikes out swinging
Batting: RHB Arturo Ramirez 0-0: Called Strike
0-1: Ball
1-1: Ground out 6-3 (Groundball, 6, EV 80.6 MPH)
Batting: LHB Jamel Adams 0-0: Ball
1-0: Ball
2-0: Ground out 6-3 (Groundball, 6, EV 101.3 MPH)
Top of the 2nd over - 0 runs, 0 hits, 0 errors, 0 left on base; Inland Empire 1 - Bakersfield 0
BOTTOM OF THE 2ND
Bakersfield Blaze batting - Pitching for Inland Empire 66ers : LHP Pete Christian
Batting: LHB Brett Van Slooten 0-0: Ball
1-0: Ball
2-0: Ball
3-0: Called Strike
3-1: Base on Balls
Batting: RHB Jim Hughes 0-0: Called Strike
0-1: Swinging Strike
0-2: Ball
1-2: Strikes out swinging
Batting: LHB Jim Passerini 0-0: Ball
1-0: Ball
2-0: Foul Ball, location: 23F
2-1: Called Strike
2-2: Strikes out swinging
Batting: SHB Mickey Montierth 0-0: Ball
1-0: Foul Ball, location: 2F
1-1: Foul Ball, location: 7LMFF
1-2: Foul Ball, location: 3F
1-2: Ball
2-2: Strikes out looking
Bottom of the 2nd over - 0 runs, 0 hits, 0 errors, 1 left on base; Inland Empire 1 - Bakersfield 0
TOP OF THE 3RD
Inland Empire 66ers batting - Pitching for Bakersfield Blaze : RHP Chad Barcik
Batting: RHB Chris Phillips 0-0: Ball
1-0: Ball
2-0: Ball
3-0: Called Strike
3-1: Foul Ball, location: 2F
3-2: Foul Ball, location: 3F
3-2: Ground out 5-3 (Groundball, 56, EV 98.8 MPH)
Batting: LHB Kevin Zarndt 0-0: Called Strike
0-1: SINGLE (Groundball, 4MD, EV 105.0 MPH)
Batting: LHB John Stevens 0-0: Called Strike
0-1: Called Strike
0-2: SINGLE (Groundball, 4D, EV 97.5 MPH)
Kevin Zarndt to second
Batting: LHB Josh Walker 0-0: Grounds into double play, 1-6-3 (Groundball, 13S, EV 66.9 MPH)
Top of the 3rd over - 0 runs, 2 hits, 0 errors, 1 left on base; Inland Empire 1 - Bakersfield 0
BOTTOM OF THE 3RD
Bakersfield Blaze batting - Pitching for Inland Empire 66ers : LHP Pete Christian
Batting: LHB Josh Meyer 0-0: Ball
1-0: Fly out, F7 (Flyball, 7S, EV 90.6 MPH)
Batting: LHB Tobias Hernandez 0-0: Swinging Strike
0-1: Foul Ball, location: 2F
0-2: DOUBLE (Line Drive, 7LS, EV 101.3 MPH)
Batting: RHB Jason Sweeney 0-0: Swinging Strike
0-1: Ball
1-1: SINGLE (Line Drive, 5D, EV 98.1 MPH)
Tobias Hernandez to third
Runner from 3rd tries for Home, SAFE, throw by LF to home
Batting: RHB Victor Garcia 0-0: Called Strike
0-1: Ball
1-1: Called Strike
1-2: Grounds into double play, 4-6-3 (Groundball, 4, EV 99.4 MPH)
Bottom of the 3rd over - 1 run, 2 hits, 0 errors, 0 left on base; Inland Empire 1 - Bakersfield 1
TOP OF THE 4TH
Inland Empire 66ers batting - Pitching for Bakersfield Blaze : RHP Chad Barcik
Batting: RHB Edgar Palomera 0-0: Called Strike
0-1: Ball
1-1: Ball
2-1: DOUBLE (Line Drive, 78D, EV 94.4 MPH)
Batting: SHB Guy Epperson 0-0: Fly out, F5 (Line Drive, 5, EV 70.0 MPH)
Batting: RHB Jason Glennon 0-0: Called Strike
0-1: Swinging Strike
0-2: SINGLE (Line Drive, 78S, EV 93.1 MPH)
Edgar Palomera to third
Batting: RHB Arturo Ramirez 0-0: Called Strike
0-1: Ball
1-1: Foul Ball, location: 2F
1-2: Ball
2-2: Strikes out swinging
Batting: LHB Jamel Adams 0-0: Ground out 6-3 (Groundball, 6M, EV 85.6 MPH)
Top of the 4th over - 0 runs, 2 hits, 0 errors, 2 left on base; Inland Empire 1 - Bakersfield 1
BOTTOM OF THE 4TH
Bakersfield Blaze batting - Pitching for Inland Empire 66ers : LHP Pete Christian
Batting: RHB Keith Burchfield 0-0: Ball
1-0: Ball
2-0: Foul Ball, location: 9LSF
2-1: DOUBLE (Flyball, 8RXD, EV 100.6 MPH)
Batting: LHB Brett Van Slooten 0-0: Foul Ball, location: 7LMF
0-1: Ball
1-1: Fly out, F7 (Flyball, 7D, EV 110.6 MPH)
Batting: RHB Jim Hughes 0-0: Ball
1-0: Ball
2-0: Ball
3-0: Called Strike
3-1: DOUBLE (Line Drive, 78XD, EV 106.3 MPH)
Keith Burchfield scores
Batting: LHB Jim Passerini 0-0: Swinging Strike
0-1: Ball
1-1: Called Strike
1-2: SINGLE (Groundball, 34D, EV 105.0 MPH)
Jim Hughes to third
Runner from 3rd tries for Home, SAFE, throw by RF to home
Batting: SHB Mickey Montierth 0-0: Ball
1-0: Called Strike
1-1: Called Strike
1-2: Ball
2-2: Ground out 4-3 (Groundball, 34D, EV 108.8 MPH)
Jim Passerini to second
Batting: LHB Josh Meyer 0-0: Ball
Wild Pitch!
Jim Passerini to third
1-0: Called Strike
1-1: Foul Ball, location: 5SF
1-2: Ball
2-2: 2-RUN HOME RUN (Flyball, 7D, EV 98.8 MPH), Distance : 405 ft
Pitching: RHP Mario Jan
Batting: LHB Tobias Hernandez 0-0: SOLO HOME RUN (Flyball, 7LD, EV 98.1 MPH), Distance : 357 ft
Batting: RHB Jason Sweeney 0-0: Ball
1-0: Ground out 4-3 (Groundball, 4, EV 100.6 MPH)
Bottom of the 4th over - 5 runs, 5 hits, 0 errors, 0 left on base; Inland Empire 1 - Bakersfield 6
TOP OF THE 5TH
Inland Empire 66ers batting - Pitching for Bakersfield Blaze : RHP Chad Barcik
Batting: RHB Chris Phillips 0-0: Fly out, F9 (Flyball, 9S, EV 81.3 MPH)
Batting: LHB Kevin Zarndt 0-0: Ball
1-0: Ball
2-0: Ball
3-0: Called Strike
3-1: Base on Balls
Batting: LHB John Stevens 0-0: Swinging Strike
0-1: Ball
1-1: Ball
2-1: SINGLE (Groundball, 34S, EV 81.9 MPH) (infield hit)
Kevin Zarndt to second
Batting: LHB Josh Walker 0-0: Called Strike
0-1: Called Strike
0-2: Foul Ball, location: 3SF
0-2: SINGLE (Line Drive, 56D, EV 100.6 MPH)
Kevin Zarndt to third
John Stevens to second
Batting: RHB Edgar Palomera 0-0: Ball
1-0: Ball
2-0: Called Strike
2-1: Fly out, F6 (Popup, 6D, EV 48.8 MPH)
Batting: SHB Guy Epperson 0-0: Ball
1-0: Called Strike
1-1: Foul Ball, location: 7LMF
1-2: Ball
Wild Pitch!
Kevin Zarndt scores
John Stevens to third
Josh Walker to second
2-2: Strikes out swinging
Top of the 5th over - 1 run, 2 hits, 0 errors, 2 left on base; Inland Empire 2 - Bakersfield 6
BOTTOM OF THE 5TH
Bakersfield Blaze batting - Pitching for Inland Empire 66ers : RHP Mario Jan
Batting: RHB Victor Garcia 0-0: Ball
1-0: Ball
2-0: Swinging Strike
2-1: DOUBLE (Flyball, 89XD, EV 110.6 MPH)
Batting: RHB Keith Burchfield 0-0: Called Strike
0-1: Ball
1-1: Ball
2-1: Swinging Strike
2-2: Fly out, F8 (Flyball, 78M, EV 86.9 MPH)
Batting: LHB Brett Van Slooten 0-0: Swinging Strike
0-1: Ground out 6-3 (Groundball, 6, EV 103.8 MPH)
Batting: RHB Jim Hughes 0-0: Fly out, F3 (Popup, 3S, EV 86.3 MPH)
Bottom of the 5th over - 0 runs, 1 hit, 0 errors, 1 left on base; Inland Empire 2 - Bakersfield 6
TOP OF THE 6TH
Inland Empire 66ers batting - Pitching for Bakersfield Blaze : RHP Chad Barcik
Batting: RHB Jason Glennon 0-0: Foul Ball, location: 2F
0-1: Ball
1-1: Ball
2-1: Ball
3-1: Base on Balls
Pitching: RHP Shane Mattila
Batting: RHB Arturo Ramirez 0-0: Ball
1-0: Fly out, F8 (Flyball, 8RD, EV 83.1 MPH)
Batting: LHB Jamel Adams 0-0: Ball
1-0: Ball
2-0: Ball
3-0: Called Strike
3-1: Foul Ball, location: 2F
3-2: Fielders Choice at 2nd, 3-6 (Groundball, 3, EV 86.9 MPH)
Batting: RHB Chris Phillips 0-0: Ball
1-0: Foul Ball, location: 2F
1-1: Foul Ball, location: 2F
1-2: Ball
2-2: Ball
3-2: Hit by Pitch
Jamel Adams to second
Batting: LHB Kevin Zarndt 0-0: Called Strike
0-1: Swinging Strike
0-2: Ball
1-2: Strikes out looking
Top of the 6th over - 0 runs, 0 hits, 0 errors, 2 left on base; Inland Empire 2 - Bakersfield 6
BOTTOM OF THE 6TH
Bakersfield Blaze batting - Pitching for Inland Empire 66ers : RHP Mario Jan
Batting: LHB Jim Passerini 0-0: SINGLE (Line Drive, 8RS, EV 97.5 MPH)
Batting: SHB Mickey Montierth 0-0: Called Strike
0-1: SINGLE (Line Drive, 4MD, EV 107.5 MPH)
Jim Passerini to second
Batting: LHB Josh Meyer 0-0: Swinging Strike
0-1: Fielders Choice at 2nd, 4-6 (Groundball, 4, EV 80.6 MPH)
Jim Passerini to third
Batting: LHB Tobias Hernandez 0-0: Called Strike
0-1: Fly out, F7 (Flyball, 7D, EV 97.5 MPH)
Runner from 3rd tags up, OUT at HOME! 7-2
Bottom of the 6th over - 0 runs, 2 hits, 0 errors, 1 left on base; Inland Empire 2 - Bakersfield 6
TOP OF THE 7TH
Inland Empire 66ers batting - Pitching for Bakersfield Blaze : RHP Shane Mattila
Pitching: RHP Salvador Moya
Batting: LHB John Stevens 0-0: Called Strike
0-1: Foul Ball, location: 2F
0-2: Fly out, F8 (Flyball, 8RD, EV 105.6 MPH)
Batting: LHB Josh Walker 0-0: Called Strike
0-1: Ball
1-1: Called Strike
1-2: Ball
2-2: Strikes out swinging, 2-3 out at first.
Batting: RHB Edgar Palomera 0-0: Called Strike
0-1: Ball
1-1: Swinging Strike
1-2: Strikes out swinging
Top of the 7th over - 0 runs, 0 hits, 0 errors, 0 left on base; Inland Empire 2 - Bakersfield 6
BOTTOM OF THE 7TH
Bakersfield Blaze batting - Pitching for Inland Empire 66ers : RHP Mario Jan
Pitching: LHP David Medina
Batting: RHB Jason Sweeney 0-0: Ball
1-0: SINGLE (Line Drive, 9S, EV 85.0 MPH)
Batting: RHB Victor Garcia 0-0: Ball
1-0: Ball
2-0: Ball
3-0: Called Strike
3-1: Base on Balls
Jason Sweeney to second
Batting: RHB Keith Burchfield 0-0: Ball
1-0: Ball
2-0: Ball
3-0: Base on Balls
Jason Sweeney to third
Victor Garcia to second
Batting: LHB Brett Van Slooten 0-0: Called Strike
0-1: Ball
1-1: Foul Ball, location: 7LMF
1-2: Ball
2-2: Foul Ball, location: 5F
2-2: Strikes out swinging
Batting: RHB Jim Hughes 0-0: Called Strike
0-1: Foul Ball, location: 2F
0-2: Ball
1-2: Strikes out swinging
Batting: LHB Jim Passerini 0-0: Ball
1-0: Called Strike
1-1: Ball
Wild Pitch!
Jason Sweeney scores
Victor Garcia to third
Keith Burchfield to second
2-1: Ground out 1-3 (Groundball, 34S, EV 65.6 MPH)
Bottom of the 7th over - 1 run, 1 hit, 0 errors, 2 left on base; Inland Empire 2 - Bakersfield 7
TOP OF THE 8TH
Inland Empire 66ers batting - Pitching for Bakersfield Blaze : RHP Salvador Moya
Batting: SHB Guy Epperson 0-0: Called Strike
0-1: Foul Ball, location: 7LMF
0-2: Strikes out looking
Batting: RHB Jason Glennon 0-0: Foul Ball, location: 3F
0-1: Ball
1-1: Ball
2-1: Ball
3-1: Called Strike
3-2: Strikes out looking
Batting: RHB Arturo Ramirez 0-0: Called Strike
0-1: Called Strike
0-2: Strikes out swinging
Top of the 8th over - 0 runs, 0 hits, 0 errors, 0 left on base; Inland Empire 2 - Bakersfield 7
BOTTOM OF THE 8TH
Bakersfield Blaze batting - Pitching for Inland Empire 66ers : LHP David Medina
Batting: SHB Mickey Montierth 0-0: Foul Ball, location: 9LMF
0-1: Ball
1-1: Ball
2-1: SINGLE (Groundball, 34D, EV 101.3 MPH)
Pitching: RHP Julio Saldana
Batting: LHB Josh Meyer 0-0: SINGLE (Line Drive, 8RS, EV 106.3 MPH)
Mickey Montierth to second
Batting: LHB Tobias Hernandez 0-0: Called Strike
0-1: Swinging Strike
0-2: Foul Ball, location: 2F
0-2: Ball
1-2: SINGLE (Groundball, P, EV 83.1 MPH) (infield hit)
Mickey Montierth to third
Josh Meyer to second
Batting: RHB Jason Sweeney 0-0: Ball
1-0: Swinging Strike
1-1: Called Strike
1-2: Strikes out looking
Batting: RHB Victor Garcia 0-0: Called Strike
0-1: Ball
1-1: SINGLE (Line Drive, 9S, EV 100.6 MPH)
Mickey Montierth scores
Josh Meyer to third
Tobias Hernandez to second
Batting: RHB Keith Burchfield 0-0: Ball
1-0: SINGLE (Line Drive, 8RS, EV 91.9 MPH)
Josh Meyer scores
Tobias Hernandez to third
Victor Garcia to second
Batting: LHB Brett Van Slooten 0-0: Ball
1-0: Ball
2-0: Ball
3-0: Base on Balls
Tobias Hernandez scores
Victor Garcia to third
Keith Burchfield to second
Pinch Hitting: SHB Carlos Pagan 0-0: Foul Ball, location: 9LSF
0-1: Foul Ball, location: 2F
0-2: Strikes out swinging
Pinch Hitting: SHB Elijah Bonner 0-0: Called Strike
0-1: Fly out, F7 (Flyball, 7, EV 82.5 MPH)
Bottom of the 8th over - 3 runs, 5 hits, 0 errors, 3 left on base; Inland Empire 2 - Bakersfield 10
TOP OF THE 9TH
Inland Empire 66ers batting - Pitching for Bakersfield Blaze : RHP Salvador Moya
Now at 1B: Bryan Mahoney
Now at 3B: Carlos Pagan
Batting: LHB Jamel Adams 0-0: Called Strike
0-1: Ball
1-1: SINGLE (Groundball, 6MD, EV 98.8 MPH)
Batting: RHB Chris Phillips 0-0: Called Strike
0-1: DOUBLE (Line Drive, 78D, EV 100.0 MPH)
Jamel Adams to third
Batting: LHB Kevin Zarndt 0-0: SINGLE (Line Drive, 78S, EV 86.9 MPH)
Jamel Adams scores
Chris Phillips to third
Batting: LHB John Stevens 0-0: Ball
1-0: Called Strike
1-1: Swinging Strike
1-2: Ball
2-2: Fly out, F7 (Flyball, 7D, EV 90.6 MPH)
Runner from 3rd tags up, SCORES, no throw by LF
Batting: LHB Josh Walker 0-0: Foul Ball, location: 3FF
0-1: Ball
1-1: Called Strike
1-2: Grounds into double play, 5-4-3 (Groundball, 56, EV 99.4 MPH)
Top of the 9th over - 2 runs, 3 hits, 0 errors, 0 left on base; Inland Empire 4 - Bakersfield 10
Sunday, May 5th , 2024 - OOTP Baseball 24.11 Build 85